Map: Interloper LE

Players

Winthrowe - Winner!

  • Race: Terran Terran
  • Spawn Location: 5:00

A.I. 1 (Hard)

  • Race: Protoss Protoss
  • Spawn Location: 11:00

VOD

Have the link to the VOD?

Description

Time

  • Played on: Aug. 16, 2017, 9:04 p.m.
  • Length: 13:15
Show
View Real Time Build Order
Export as new Build Order

Winthrowe Terran - Winner!

Build Orders: MMM Bio 

Get SALT Encoding   

  12  0:05  SCV  
  13  0:17  SCV  
  14  0:30  Supply Depot  
  14  0:31  SCV  
  15  0:41  Refinery  
  15  0:51  SCV  
  15  0:54  Barracks  
  16  1:03  SCV  
  17  1:15  SCV  
  18  1:27  SCV  
  20  1:40  SCV  
  20  1:52  Barracks Tech Lab, SCV, Command Center  
  21  2:04  SCV  
  22  2:12  Marine  
  23  2:18  Combat Shields  
  23  2:36  Engineering Bay  
  23  2:38  Supply Depot  
  23  2:53  Orbital Command  
  23  3:00  Marine  
  23  3:04  Planetary Fortress  
  24  3:36  SCV  
  25  3:45  Terran Infantry Weapons Level 1  
  25  3:48  SCV  
  26  4:01  SCV, Refinery  
  27  4:07  Marauder  
  29  4:13  SCV  
  29  4:14  Concussive Shells  
  30  4:25  SCV  
  30  4:28  Marauder  
  30  4:29  SCV  
  34  4:37  SCV  
  35  4:41  SCV  
  35  4:42  Factory  
  36  4:49  SCV  
  37  4:53  SCV  
  38  5:00  Stimpack  
  38  5:01  SCV  
  38  5:05  SCV, Marauder  
  42  5:13  SCV  
  43  5:18  SCV  
  44  5:26  Marauder  
  46  5:29  Supply Depot  
  46  5:31  Barracks  
  46  5:38  Factory Tech Lab  
  46  5:47  Terran Infantry Armor Level 1  
  46  5:51  Marauder  
  46  5:53  Supply Depot  
  48  6:11  Siege Tank  
  51  6:15  Supply Depot  
  51  6:20  Barracks  
  51  6:36  Starport  
  51  6:38  Supply Depot  
  51  6:50  Marauder  
  53  7:00  Supply Depot  
  54  7:03  Barracks Reactor  
  53  7:08  Barracks Reactor  
  53  7:11  Marauder  
  55  7:23  Refinery  
  55  7:25  Armory, Refinery  
  55  7:26  SCV  
  55  7:27  SCV  
  57  7:33  Marauder  
  59  7:38  SCV  
  59  7:39  SCV  
  61  7:50  SCV  
  61  7:51  SCV  
  63  7:54  Marauder  
  65  8:02  Marine x3, SCV  
  65  8:03  Marine, SCV  
  71  8:05  Siege Tank  
  74  8:15  Marine, SCV x2  
  77  8:20  Marine x4  
  77  8:26  Starport Reactor  
  81  8:33  Marauder  
  83  8:38  Siege Tank  
  86  8:47  Marine x4  
  90  8:54  Marauder  
  92  9:02  Viking  
  94  9:05  Marine x4  
  94  9:08  Viking  
  100  9:10  Siege Tank  
  100  9:16  Marauder  
  105  9:23  Marine x4  
  92  9:37  Marauder  
  89  9:41  Marine x4  
  89  9:42  Siege Tank  
  96  9:55  Medivac x2  
  96  9:59  Marine x4, Marauder  
  109  10:14  Siege Tank  
  109  10:16  Marine x4  
  109  10:20  Marauder  
  115  10:25  Medivac x2  
  114  10:34  Marine x4  
  118  11:17  Marine x2  
  118  12:40  Marine  
  118  12:41  Marine  
Show
View Real Time Build Order
Export as new Build Order

A.I. 1 (Hard) Protoss 

Build Orders: 1 Gate Expand 

Get SALT Encoding   

  12  0:01  Probe (Chrono Boost)  
  13  0:11  Probe (Chrono Boost)  
  14  0:20  Pylon  
  14  0:22  Probe (Chrono Boost)  
  15  0:38  Probe (Chrono Boost)  
  16  0:49  Probe (Chrono Boost)  
  17  0:51  Gateway  
  17  1:10  Nexus  
  18  1:11  Probe (Chrono Boost)  
  18  1:27  Pylon  
  18  1:30  Assimilator  
  18  1:37  Zealot  
  20  1:41  Cybernetics Core  
  20  1:43  Probe (Chrono Boost)  
  21  1:55  Probe (Chrono Boost)  
  22  2:06  Gateway  
  22  2:07  Probe (Chrono Boost)  
  23  2:14  Assimilator, Stalker  
  23  2:22  Pylon  
  25  2:24  Probe (Chrono Boost)  
  26  2:37  Probe (Chrono Boost)  
  27  2:41  Adept  
  29  2:46  Probe (Chrono Boost)  
  29  2:48  Warp Gate  
  29  2:49  Probe (Chrono Boost)  
  31  2:51  Adept  
  31  2:57  Probe (Chrono Boost)  
  34  3:07  Gateway  
  34  3:08  Adept  
  36  3:22  Adept  
  38  3:36  Sentry  
  38  3:37  Probe (Chrono Boost)  
  38  3:38  Probe (Chrono Boost)  
  42  3:47  Assimilator  
  43  3:48  Probe (Chrono Boost)  
  43  3:49  Stalker  
  43  3:50  Probe (Chrono Boost)  
  43  3:54  Pylon  
  46  4:00  Probe (Chrono Boost)  
  46  4:01  Probe (Chrono Boost)  
  46  4:02  Stalker  
  50  4:11  Forge, Probe (Chrono Boost)  
  50  4:16  Probe (Chrono Boost)  
  52  4:23  Probe (Chrono Boost)  
  53  4:27  Probe (Chrono Boost)  
  53  4:29  Zealot  
  54  4:34  Probe (Chrono Boost)  
  54  4:35  Protoss Ground Armor Level 1  
  58  4:39  Probe (Chrono Boost)  
  58  4:40  Pylon  
  58  4:45  Probe (Chrono Boost)  
  59  4:51  Zealot, Probe (Chrono Boost)  
  63  5:00  Probe (Chrono Boost)  
  63  5:03  Probe (Chrono Boost)  
  63  5:05  Adept  
  63  5:06  Pylon  
  66  5:11  Probe (Chrono Boost)  
  67  5:18  Adept  
  69  5:25  Probe (Chrono Boost)  
  69  5:26  Pylon  
  69  5:27  Probe (Chrono Boost)  
  71  5:32  Adept  
  73  5:36  Probe (Chrono Boost)  
  74  5:45  Adept, Probe (Chrono Boost)  
  74  5:48  Pylon, Probe (Chrono Boost)  
  78  5:53  Photon Cannon  
  78  5:59  Sentry  
  78  6:00  Photon Cannon  
  78  6:02  Pylon  
  80  6:05  Pylon  
  80  6:07  Probe (Chrono Boost)  
  80  6:09  Robotics Facility  
  82  6:11  Probe (Chrono Boost)  
  82  6:13  Stalker  
  82  6:17  Protoss Ground Weapons Level 1  
  84  6:21  Stargate  
  84  6:25  Twilight Council  
  84  6:26  Stalker  
  84  6:27  Photon Cannon  
  84  6:32  Photon Cannon  
  86  6:37  Forge  
  86  6:40  Stalker  
  88  6:49  Blink  
  88  6:53  Stalker  
  90  6:54  Assimilator  
  90  6:55  Observer  
  91  7:14  Observer  
  91  7:17  Probe (Chrono Boost)  
  93  9:12  Protoss Air Weapons Level 1  
  93  9:16  Void Ray, Warp Prism  
  92  9:23  Robotics Facility  
  91  9:29  Stargate  
  83  9:32  Robotics Bay  
  83  9:38  Nexus, Pylon  
  71  9:39  Fleet Beacon  
  71  9:48  Warp Prism  
  73  9:58  Phoenix  
  75  10:07  Warp Prism  
  75  10:11  Oracle  
  80  10:17  Observer Gravitic Boosters  
  80  10:22  Zealot, Void Ray  
  80  10:25  Stargate, Zealot, Observer  
  83  10:28  Pylon  
  83  10:35  Nexus  
  75  10:44  Void Ray  
  79  11:03  Graviton Catapult  
  85  11:12  Gravitic Drive  
  88  11:24  Stalker  
  76  11:28  Zealot  
  76  11:29  Stargate  
  76  11:32  Stalker, Warp Prism  
  74  11:33  Warp Prism  
  61  11:47  Zealot  
  51  11:50  Stalker  
  49  11:55  Zealot  
  49  11:56  Probe (Chrono Boost)  
  49  11:58  Zealot  
  49  11:59  Probe (Chrono Boost)  
  46  12:02  Stalker  
  46  12:05  Assimilator, Zealot  
  46  12:06  Assimilator, Warp Prism  
  46  12:07  Void Ray  
  51  12:08  Probe (Chrono Boost)  
  51  12:15  Immortal, Probe (Chrono Boost)  
  51  12:20  Stalker, Probe (Chrono Boost)  
  46  12:25  Zealot  
  46  12:27  Probe (Chrono Boost)  
  46  12:29  Zealot  
  46  12:32  Probe (Chrono Boost)  
  41  12:41  Nexus  
  42  12:49  Zealot  
  38  12:53  Probe (Chrono Boost)  
Tags
 
Composition
MMM Bio
Matchup
PvT
Spawn Locations
Cross Positions
Add a new tag
Caveats
  • Supply blocks, unpowered buildings, or Contaminate may cause inaccurate times.
  • Supply counts are checked every 10 seconds.